 Dungeon Crawl Stone Soup version 0.30-b1-2-g02819fbbbe (webtiles) character file.

Game seed: 9766107264095907483

1116 MisterFreud the Covered (level 8, -2/100 HPs)
             Began as a Gnoll Wanderer on Oct 20, 2023.
             Was a Follower of Cheibriados.
             Engulfed by a steam dragon's steam (7 damage)
             ... on level 6 of the Dungeon.
             The game lasted 00:08:46 (4188 turns).

MisterFreud the Covered (Gnoll Wanderer)            Turns: 4188, Time: 00:08:48

Health: -2/100     AC: 24    Str: 13    XL:     8   Next: 34%
Magic:  12/12      EV:  2    Int: 12    God:    Cheibriados [*.....]
Gold:   232        SH:  0    Dex: 18    Spells: 13/13 levels left

rFire   . . .        v - +5 spear (freeze)
rCold   . . .        (no shield)
rNeg    . . .        d - melded +3 scale mail
rPois   +            (helmet currently unavailable)
rElec   .            j - melded +0 cloak
rCorr   .            (gloves currently unavailable)
SInv    .            r - melded +0 pair of boots
Will    +....        h - amulet of regeneration
Stlth   +++          u - +5 ring of evasion
HPRegen 1.16/turn    A - ring of willpower
MPRegen 0.13/turn

%: no passive effects
@: tree-form, very slow
A: stationary, stasis, torment immunity, boosted hp, (fangs 1), strong nose,
distributed training
a: Renounce Religion, Bend Time


You were on level 6 of the Dungeon.
You worshipped Cheibriados.
Cheibriados was aware of your devotion.
You were a tree.
You visited 1 branch of the dungeon, and saw 6 of its levels.

You collected 232 gold pieces.

Inventory:

Hand Weapons
 a - a +0 dagger
 v - a +5 spear of freezing (weapon)
Missiles
 c - 10 boomerangs (quivered)
 o - 12 poisoned darts
Armour
 d - a +3 scale mail (melded)
 j - a +0 cloak (melded)
 r - a +0 pair of boots (melded)
Jewellery
 h - an amulet of regeneration (around neck)
 m - an amulet of magic regeneration
 u - a +5 ring of evasion (left branch)
 y - a +6 ring of intelligence
 A - a ring of willpower (right branch)
 B - a ring of protection from cold
Wands
 w - a wand of digging (6)
Scrolls
 e - a scroll of fear
 f - 2 scrolls of blinking
 g - 4 scrolls of teleportation
 k - 3 scrolls of identify
 n - a scroll of vulnerability
 p - a scroll of noise {unknown}
 q - 3 scrolls of enchant weapon
 s - a scroll of enchant armour
 t - a scroll of poison
Potions
 b - 2 potions of attraction
 i - 5 potions of curing
 l - 2 potions of flight
 z - a potion of magic


   Skills:
 + Level 7.4 Fighting
 + Level 3.3 Short Blades
 + Level 3.3 Long Blades
 + Level 3.3 Axes
 + Level 3.3 Maces & Flails
 + Level 3.3 Polearms
 + Level 3.3 Staves
 + Level 3.3 Ranged Weapons
 + Level 4.2 Throwing
 + Level 7.4 Armour
 + Level 4.2 Dodging
 + Level 4.1 Stealth
 + Level 3.3 Shields
 + Level 3.3 Unarmed Combat
 + Level 3.3 Spellcasting
 + Level 2.7 Conjurations
 + Level 2.7 Hexes
 + Level 2.7 Summonings
 + Level 2.7 Necromancy
 + Level 2.7 Translocations
 + Level 2.7 Transmutations
 + Level 2.7 Fire Magic
 + Level 2.7 Ice Magic
 + Level 2.7 Air Magic
 + Level 2.7 Earth Magic
 + Level 2.7 Poison Magic
 + Level 3.6 Invocations
 + Level 4.2 Evocations


You had 13 spell levels left.
You didn't know any spells.
Your spell library contained the following spells:

 Spells                   Type           Power      Damage    Failure   Level
 Beastly Appendage        Tmut           16%        N/A       8%          1
 Scorch                   Fire           16%        2d6       12%         2
 Static Discharge         Conj/Air       16%        2-3/arc   12%         2
 Wereblood                Tmut           8%         N/A       12%         2
 Dazzling Flash           Conj/Hex       16%        N/A       24%         3
 Spider Form              Tmut/Pois      8%         N/A       24%         3
 Volatile Blastmotes      Fire/Tloc      16%        2d11      24%         3
 Airstrike                Air            4%         2d(1-17)  61%         4
 Flame Wave               Conj/Fire      8%         2d5       61%         4
 Iskenderun's Mystic Bla  Conj/Tloc      8%         2d4       61%         4
 Summon Lightning Spire   Summ/Air       8%         N/A       61%         4
 Starburst                Conj/Fire      4%         6d3       100%        6
 Summon Cactus Giant      Summ           4%         N/A       100%        6


Dungeon Overview and Level Annotations

Branches:
Dungeon (6/15)             Temple (0/1) D:5

Altars:
Cheibriados
Kikubaaqudgha

Shops:
D:5 ?

Annotations:
D:6 1 transporter, NimIero's ghost, novice FoEE


Innate Abilities, Weirdness & Mutations

You are a tree.
Your roots penetrate the ground, keeping you stationary.
You cannot be teleported.
You are immune to unholy pain and torment.
Your maximum health is greatly increased.
Your equipment is partially melded.
((You have very sharp teeth.))
Your uncanny sense of smell can sniff out nearby items.
Your experience applies equally to all skills.


Message History

Your bite misses the steam dragon.
The steam dragon is severely wounded.
You are engulfed in a cloud of scalding steam.
The steam dragon misses you. x2
The steam dragon breathes steam at you. The ball of steam misses you.
You closely miss the steam dragon.
The steam dragon is severely wounded.
You are engulfed in a cloud of scalding steam.
The steam dragon barely misses you.
The steam dragon claws you but does no damage.
The steam dragon bites you! The steam dragon misses you.
You hit the steam dragon. You freeze the steam dragon.
The steam dragon is almost dead.
The steam dragon closely misses you. The steam dragon barely misses you.
The steam dragon bites you! The steam dragon closely misses you.
You closely miss the steam dragon.
The steam dragon is almost dead.
The steam dragon misses you. The steam dragon completely misses you.
The steam dragon closely misses you. The steam dragon barely misses you.
Unknown command.
You closely miss the steam dragon.
You punch the steam dragon, but do no damage.
The steam dragon is almost dead.
The steam dragon breathes steam at you. The ball of steam hits you!
* * * LOW HITPOINT WARNING * * *
The steam dragon breathes steam at you. The ball of steam hits you!!
* * * LOW HITPOINT WARNING * * *
It was a potion of magic.
Magic courses through your body.
You are engulfed in a cloud of scalding steam.
The steam dragon barely misses you. x3; The steam dragon completely misses you.
It was a potion of lignification.
You turn into a tree.
Your +0 cloak melds into your body.
Your +0 pair of boots melds into your body.
Your +3 scale mail melds into your body.
Your roots penetrate the ground.
You are engulfed in a cloud of scalding steam.
You die...

.≈#
#≈....≈#..........#..####.
§.§≈
≈≈..§.≈≈#..........#### #.
..........§≈≈########+####
## §.........≈≈## #.# #
§... ...≈≈# #.###########
#..........>> #####
#...#########
##~§§####...#########
#≈~.♣§#.#............
#≈.8DD.......########
####+## #~....#.#....#
....... #≈....####....#
....... #≈.#### #....#
....... #~. #....# .......
#~ #....# ####'## ##
#....# #.# ∆ ####.#


You could see 2 steam dragons.

Vanquished Creatures
  A steam dragon (D:6)
  A phantom (D:4)
  2 scorpions (D:5)
  5 wights
  A jelly (D:4)
  3 hounds
  An orc priest (D:6)
  A gnoll bouda (D:5)
  2 sleepcaps (D:4)
  2 iguanas (D:5)
  Robin (D:4)
  5 gnolls (D:5)
  8 adders
  A shadow imp (D:6)
  3 worms
  2 dart slugs
  12 orcs
  5 ball pythons
  6 endoplasms
  A giant cockroach (D:2)
  12 goblins
  10 hobgoblins
  3 jackals (D:4)
  10 kobolds
  4 quokkas
  3 bats
  A frilled lizard (D:1)
  7 rats
113 creatures vanquished.

Vanquished Creatures (others)
  2 plants (D:5)
2 creatures vanquished.

Grand Total: 115 creatures vanquished

Notes
Turn   | Place    | Note
-------+----------+-------------------------------------------
     0 | D:1      | MisterFreud the Gnoll Wanderer began the quest for the Orb.
     0 | D:1      | MisterFreud set off with the following items: a +0 dagger,
                  | a potion of attraction, 8 boomerangs, a +2 scale mail, a
                  | scroll of fear.
     0 | D:1      | Reached XP level 1. HP: 23/23 MP: 1/1
   121 | D:1      | Reached XP level 2. HP: 29/29 MP: 2/2
   714 | D:2      | Reached XP level 3. HP: 35/35 MP: 2/4
   798 | D:2      | Reached skill level 1 in Invocations
   999 | D:2      | Reached skill level 1 in Short Blades
   999 | D:2      | Reached skill level 1 in Long Blades
   999 | D:2      | Reached skill level 1 in Axes
   999 | D:2      | Reached skill level 1 in Maces & Flails
   999 | D:2      | Reached skill level 1 in Polearms
   999 | D:2      | Reached skill level 1 in Staves
   999 | D:2      | Reached skill level 1 in Ranged Weapons
   999 | D:2      | Reached skill level 1 in Shields
   999 | D:2      | Reached skill level 1 in Unarmed Combat
   999 | D:2      | Reached skill level 1 in Spellcasting
  1124 | D:2      | Reached XP level 4. HP: 41/41 MP: 5/5
  1694 | D:3      | Identified the +7 leather armour "Pyasuohi" {Rampage Regen+
                  | rCorr Dex-4}
  1784 | D:3      | Reached skill level 1 in Conjurations
  1784 | D:3      | Reached skill level 1 in Hexes
  1784 | D:3      | Reached skill level 1 in Summonings
  1784 | D:3      | Reached skill level 1 in Necromancy
  1784 | D:3      | Reached skill level 1 in Translocations
  1784 | D:3      | Reached skill level 1 in Transmutations
  1784 | D:3      | Reached skill level 1 in Fire Magic
  1784 | D:3      | Reached skill level 1 in Ice Magic
  1784 | D:3      | Reached skill level 1 in Air Magic
  1784 | D:3      | Reached skill level 1 in Earth Magic
  1784 | D:3      | Reached skill level 1 in Poison Magic
  2019 | D:2      | Reached XP level 5. HP: 47/47 MP: 5/7
  2250 | D:3      | Reached XP level 6. HP: 33/51 MP: 8/8
  2544 | D:4      | Reached XP level 7. HP: 56/60 MP: 10/10
  2710 | D:4      | Noticed Robin
  2719 | D:4      | Killed Robin
  3116 | D:4      | Found a snail-covered altar of Cheibriados.
  3124 | D:4      | Became a worshipper of Cheibriados the Contemplative
  3169 | D:5      | Entered Level 5 of the Dungeon
  3187 | D:5      | Found an ancient bone altar of Kikubaaqudgha.
  3419 | D:5      | Reached XP level 8. HP: 66/67 MP: 12/12
  3621 | D:5      | Found Toahogoz's Magic Scroll Shoppe.
  3725 | D:5      | Found a staircase to the Ecumenical Temple.
  3927 | D:6      | Found a transporter.
  3928 | D:6      | Noticed NimIero's ghost (novice FoEE)
  3932 | D:6      | Noticed a shadow
  3956 | D:6      | Reached * piety under Cheibriados
  4186 | D:6      | HP: 2/67 [steam dragon/ball of steam (18)]
  4188 | D:6      | Engulfed by a steam dragon's steam

Illustrated notes

Levels and vault maps discovered:
D:1:      saegor_arrival_simple_e, layout_basic, minivault_23
D:2:      minmay_recursive_quarters, layout_loops_cross
D:3:      layout_loops_cross
D:4:      layout_loops_ring, lemuel_round_altar, minmay_cupped, uniq_robin
D:5:      layout_loops_ring, mainiacjoe_overflow_chevrons,
          minmay_temple_entry_gardened_gates, serial_shops, nicolae_square_shop
D:6:      cheibrodos_steamvent, layout_basic, gammafunk_ghost_arena,
          roderic_three_in_a_row, kennysheep_big_empty_room,
          chequers_serial_rivers_marsh

Skill      XL: |  1  2  3  4  5  6  7  8 |
---------------+-------------------------+-----
Invocations    | 1 2 3 |  3.6
Short Blades   | 1 2 3 |  3.3
Long Blades    | 1 2 3 |  3.3
Axes           | 1 2 3 |  3.3
Maces & Flails | 1 2 3 |  3.3
Polearms       | 1 2 3 |  3.3
Staves         | 1 2 3 |  3.3
Ranged Weapons | 1 2 3 |  3.3
Shields        | 1 2 3 |  3.3
Unarmed Combat | 1 2 3 |  3.3
Spellcasting   | 1 2 3 |  3.3
Conjurations   | 1 2 |  2.7
Hexes          | 1 2 |  2.7
Summonings     | 1 2 |  2.7
Necromancy     | 1 2 |  2.7
Translocations | 1 2 |  2.7
Transmutations | 1 2 |  2.7
Fire Magic     | 1 2 |  2.7
Ice Magic      | 1 2 |  2.7
Air Magic      | 1 2 |  2.7
Earth Magic    | 1 2 |  2.7
Poison Magic   | 1 2 |  2.7
Throwing       | 3 4 |  4.2
Dodging        | 3 4 |  4.2
Evocations     | 3 4 |  4.2
Stealth        | 3 4 |  4.1
Fighting       | 7 |  7.4
Armour         | 7 |  7.4

Action                     |  1- 3 |  4- 6 |  7- 9 || total
---------------------------+-------+-------+-------++-------
  Melee: Dagger            |    80 |    70 |       ||   150
         Bite              |     7 |     9 |    12 ||    28
         Punch             |       |     1 |     4 ||     5
         Spear             |       |    31 |   177 ||   208
  Throw: Boomerang         |    43 |    86 |     2 ||   131
    Use: Scroll            |       |     4 |     4 ||     8
         Potion            |       |       |     2 ||     2
   Stab: Sleeping          |       |     4 |     2 ||     6
 Armour: Scale mail        |    30 |    24 |    34 ||    88
         Leather armour    |       |    28 |    28 ||    56
  Dodge: Dodged            |    34 |    70 |   138 ||   242
